Unix NetHack Version 3.7.0-101 Work-in-progress - last build Mar 4 2024 13:34:30 (3c4ac04b664b9ee0831c739617f054b5b60dbfd1,branch:master). Game began 2024-03-14 17:42:48, ended 2024-03-15 16:56:53. misanthrope, neutral male human Wizard --- ---- ---- ---.-- -----..| ---- |).| ------- --....|---......| |..-- -------..------- ------|..|..| |....-|....------ |...------..........|.|.----- --.--(--^....| |....|-.---- --....--.................|..--. |...........----..---..|--- --..............--............- |...........| |...--..--..-- |...........|*.-||...........-- |..........----......-.....| --.....>..----..|---.........| --..............-.---......| -------- --.......| |..-- --........-- |.........-----..----.....---.--...-- ---...#-..----...-------......| --.........-----..| |.............^.| |.....-#...|........-- |-....-- |............--..| --.|............| |......|#-...........---....-- |................| -----........--- |--...-- #--@.........|.....------- ---........).....--- ----.......| --.....-- 0--................|.--.| #............)[..----.--......-- |.......----#--....................#-##-##-.##.....)..^...<.........[...| --.................^..............................).................--..| --....--------###%...............-------------....-----..))).%.|%...|---- |......| |....---..---...| --..-- |.....0-----.-- --.--.-- --.--- ---- --..| |..| --.|.-- --- ------ --- ---- ---- ----- Misanthrope the Thaumaturge St:12 Dx:14 Co:16 In:18 Wi:11 Ch:10 Neutral Dlvl:4 $:351 HP:51(63) Pw:40(84) AC:4 Xp:8/1907 T:6661 Latest messages: In what direction? You kill the hobbit! Holly misses it. Holly bites it. Holly misses the grid bug. Holly misses the grid bug. Holly bites the grid bug. The grid bug is killed! What do you want to use or apply? [ceklpvwDEMN or ?*] You produce a strange whistling sound. Holly shifts location. You swap places with Holly. A rock piercer suddenly drops from the ceiling! Its blow glances off your helm. You kill the newt! "Hello, misanthrope! Welcome to Bnowr Falr's hardware store!" You see here a whistle called tin (for sale, 18 zorkmids). You see here a magic marker (for sale, 67 zorkmids). "For you, good sir; only 67 zorkmids for this magic marker." g - a magic marker (unpaid, 67 zorkmids). You see here a looking glass (for sale, 13 zorkmids). You see here a leash (for sale, 27 zorkmids). A magic marker for 67 zorkmids. Pay? [yn] (n) You bought a magic marker for 67 gold pieces. "Thank you for shopping in Bnowr Falr's hardware store!" What do you want to use or apply? [cegklpvwDEMN or ?*] You do not owe Bnowr Falr anything. What do you want to write with? [- aegpvBDEMNPZ or ?*] You write in the dust with your fingertip. What do you want to write with? [- aegpvBDEMNPZ or ?*] Do you want to add to the current engraving? [ynq] (y) You add to the writing in the dust with a silver wand. The floor is riddled by bullet holes! What do you want to call? [eklpyABDFGILPQS-UWXZ or ?*] Where do you want to travel to? (For instructions type a '?') A rock piercer suddenly drops from the ceiling! Its blow glances off your helm. You swap places with Holly. You hear someone cursing shoplifters. You hear someone cursing shoplifters. You climb up the stairs. Where do you want to travel to? (For instructions type a '?') The wood nymph takes off your blessed +1 quarterstaff (weapon in hands). She stole a blessed +1 quarterstaff. # Really quit? [yn] (n) Do you want your possessions identified? [ynq] (y) Do you want to see your attributes? [ynq] (y) Inventory: Coins ('$') $ - 351 gold pieces Amulets ('"') K - an uncursed amulet of life saving (being worn) Armor ('[') A - an uncursed +0 orcish helm (being worn) y - a cursed +0 pair of kicking boots (being worn) b - an uncursed +0 cloak of magic resistance (being worn) u - an uncursed +0 studded leather armor (being worn) Comestibles ('%') i - an uncursed carrot d - 2 uncursed cram rations o - 2 uncursed food rations Scrolls ('?') F - an uncursed scroll of confuse monster L - 2 uncursed scrolls of light W - an uncursed scroll of magic mapping G - an uncursed scroll of taming Q - an uncursed scroll of teleportation Potions ('!') S - an uncursed potion of booze U - an uncursed potion of gain level X - a blessed potion of hallucination I - a blessed potion of sickness f - an uncursed potion of speed T - an uncursed potion of water Rings ('=') Z - an uncursed ring of protection from shape changers Wands ('/') D - an uncursed wand of cold (0:1) N - an uncursed wand of light (0:14) M - an uncursed wand of light (0:8) p - an uncursed wand of locking (0:5) e - an uncursed wand of magic missile (0:6) E - an uncursed wand of sleep (0:5) Tools ('(') w - an uncursed oilskin sack containing 5 items g - an uncursed magic marker (0:67) c - an uncursed magic whistle l - an uncursed oil lamp k - an uncursed skeleton key v - an uncursed towel named Poi Gems/Stones ('*') P - an uncursed topaz stone B - an uncursed worthless piece of yellow glass Contents of the oilskin sack: an uncursed scroll of remove curse an uncursed potion of invisibility an uncursed ring of polymorph control an uncursed ring of see invisible an uncursed magic marker (0:22) Misanthrope the Wizard's attributes: Background: You were a Thaumaturge, a level 8 male human Wizard. You were neutral, on a mission for Thoth who was opposed by Ptah (lawful) and Anhur (chaotic). You were right-handed. You were in the Gnomish Mines, on level 4. You entered the dungeon 6661 turns ago. You had 1907 experience points, 653 more were needed to attain level 9. Basics: You had 51 out of 63 hit points. You had 40 out of 84 energy points (spell power). Your armor class was 4. Your wallet contained 351 zorkmids. Autopickup was off. Final Characteristics: Your strength was 12 (limit:18/100). Your dexterity was 14 (limit:18). Your constitution was 16 (limit:18). Your intelligence was 18 (limit:18). Your wisdom was 11 (limit:18). Your charisma was 10 (limit:18). Final Status: You weren't hungry. You were unencumbered. You were bare handed. You were unskilled in bare handed combat. Final Attributes: You were piously aligned. You were magic-protected. You were poison resistant. You were telepathic. You were warded. Your life would have been saved. You were unlucky. You survived. Miscellaneous: You never encountered a bones level. Total elapsed playing time was 3 hours, 1 minute and 16 seconds. Major events: Turn 1: misanthrope the neutral male human Wizard entered the dungeon 442: entered the Gnomish Mines 1212: attained the rank of Conjurer (level 3) 3152: attained the rank of Thaumaturge (level 6) 6238: reached Mine Town 6661: quit Vanquished creatures: a dwarf ruler a leprechaun a gnome ruler a dog a dwarf leader a raven 2 snakes an ape a bugbear 2 Mordor orcs 5 Uruk-hai an orc shaman 2 rock piercers a rock mole a pony 3 fog clouds 5 yellow lights 4 shriekers 6 gnome leaders 2 kobold mummies an elf zombie a ghoul a straw golem 9 giant ants 6 floating eyes a kitten 6 dwarves a homunculus a kobold leader 13 hill orcs 3 rothes a rabid rat a centipede 2 giant bats 2 monkeys 6 orc zombies a wererat 5 iguanas 11 killer bees an acid blob 2 coyotes 4 hobbits a hobgoblin a giant rat a cave spider a brown mold 4 yellow molds 27 gnomes a garter snake 2 gnome zombies 2 geckos 4 jackals 2 foxes a kobold 2 goblins 2 sewer rats 6 grid bugs 3 lichens 2 kobold zombies 7 newts 190 creatures vanquished. No species were genocided or became extinct. Voluntary challenges: You read items or engraved 16 times. You engraved Elbereth 4 times. You never genocided any monsters. You never polymorphed an object. You never changed form. You used no wishes. Achievements: You entered the Gnomish Mines. You entered a shop. You attained the rank of Conjurer. You attained the rank of Thaumaturge. You entered Minetown. You entered a temple. The Dungeons of Doom: levels 1 to 6 Level 1: Level 2: A general store, a fountain. Stairs down to The Gnomish Mines. Level 3: Some fountains. Level 4: Many fountains. Level 5: Level 6: The Gnomish Mines: levels 3 to 5 Level 3: Level 4: <- You were here. Level 5: A temple and an altar, some fountains, a sink. Goodbye misanthrope the Wizard... You quit in The Gnomish Mines on dungeon level 4 with 8249 points, and 351 pieces of gold, after 6661 moves. You were level 8 with a maximum of 63 hit points when you quit.